 Dungeon Crawl Stone Soup version 0.21.1-1-g345015f (webtiles) character file.

28 prawnwizard the Insei (level 3, -3/23 HPs)
             Began as an Octopode Transmuter on July 9, 2018.
             Slain by a leopard gecko (4 damage)
             ... on level 2 of the Dungeon.
             The game lasted 00:00:59 (1135 turns).

prawnwizard the Insei (Octopode Transmuter)         Turns: 1135, Time: 00:00:59

Health: -3/23      AC:  1    Str:  9    XL:     3   Next: 12%
Magic:  6/6        EV: 13    Int: 15    God:
Gold:   41         SH:  0    Dex: 13    Spells: 6/7 levels left

rFire    . . .     SeeInvis .     - Unarmed
rCold    . . .     Gourm    .   (no shield)
rNeg     . . .     Faith    .   (helmet restricted)
rPois    .         Spirit   .   (no amulet)
rElec    .         Reflect  .   (no ring)
rCorr    .         Harm     .   (no ring)
MR       .....                  (no ring)
Stlth    ++........             (no ring)
HPRegen  0.07/turn              (no ring)
MPRegen  0.10/turn              (no ring)
                                (no ring)
                                (no ring)

@: appendage (expiring)
A: almost no armour, stealthy swim, amphibious, 8 rings, constrict 8, tentacle
spike 3, camouflage 1, gelatinous body 1
a: End Transformation


You were on level 2 of the Dungeon.
You were not hungry.
One of your tentacles had a temporary spike.
You visited 1 branch of the dungeon, and saw 2 of its levels.

You collected 41 gold pieces.

Inventory:

Missiles
 a - 60 arrows
Jewellery
 e - an uncursed ring of poison resistance {unknown}
Scrolls
 i - a scroll of identify {unknown}
Potions
 d - a potion of brilliance {unknown}
 f - 2 potions of curing {unknown}
 h - a potion of experience {unknown}
Books
 b - a book of Changes

   Spells                             Type                      Level
   a - Beastly Appendage              Transmutation                1
   b - Sticks to Snakes               Transmutation                2
   c - Spider Form                    Transmutation/Poison         3
   d - Ice Form                       Ice/Transmutation            4
   e - Blade Hands                    Transmutation                5
Comestibles
 c - 2 rations
 g - 2 chunks of flesh


   Skills:
 - Level 1.0 Fighting
 - Level 2.0 Dodging
 + Level 3.4 Unarmed Combat
 + Level 2.5 Spellcasting
 + Level 2.5 Transmutations


You had 6 spell levels left.
You knew the following spells:

 Your Spells              Type           Power        Failure   Level  Hunger
a - Beastly Appendage     Tmut           #.....       8%          1    #......


Dungeon Overview and Level Annotations

Branches:
Dungeon (2/15)

Altars:

Annotations:
D:2 Sigmund


Innate Abilities, Weirdness & Mutations

You cannot wear most types of armour.
You are very stealthy in the water. (Stealth+)
You are amphibious.
You can wear up to eight rings at the same time.
You can use your tentacles to constrict eight enemies at once.
Your skin changes colour to match your surroundings (Stealth+).
Your rubbery body absorbs attacks. (AC +1, EV +1)
One of your tentacles bears a large vicious spike.


Message History

Sigmund is moderately wounded.
You constrict Sigmund, but do no damage.
Sigmund hits you with a scythe!
Ouch! That really hurt!
You are too injured to fight recklessly!
You are too injured to fight recklessly!
You are too injured to fight recklessly!
You tentacle-slap Sigmund but do no damage.
Sigmund is moderately wounded.
You constrict Sigmund. The leopard gecko bites you.
* * * LOW HITPOINT WARNING * * *
You barely miss Sigmund.
You pierce Sigmund.
You tentacle-slap Sigmund, but do no damage.
Sigmund is heavily wounded.
You constrict Sigmund. Sigmund closely misses you. The leopard gecko bites you.
* * * LOW HITPOINT WARNING * * *
You tentacle-slap Sigmund.
You pierce Sigmund.
Sigmund is almost dead.
You constrict Sigmund. The leopard gecko bites you.
You die...

##...<...##
###....%....#
............#
............#
.......†....#
............#
...#.......##
............#
..$....?..@.#
.#........l@#
.%.........#
♣r♣.%.§§§..#
..♣♣....## ♣♣
P♣§§## ♣§§P§
♣♣§♣#


You could see Sigmund and a leopard gecko.

Vanquished Creatures
  An ooze (D:1)
  A leopard gecko (D:1)
  4 goblins (D:1)
  2 hobgoblins (D:1)
  4 jackals
  3 kobolds (D:1)
  A ball python (D:1)
  2 bats (D:1)
  2 rats (D:1)
20 creatures vanquished.

Notes
Turn   | Place    | Note
-------+----------+-------------------------------------------
     0 | D:1      | prawnwizard the Octopode Transmuter began the quest for the Orb.
     0 | D:1      | Reached XP level 1. HP: 13/13 MP: 3/3
    83 | D:1      | Reached XP level 2. HP: 12/18 MP: 5/5
  1036 | D:1      | Reached XP level 3. HP: 20/23 MP: 6/6
  1122 | D:2      | Noticed Sigmund
  1134 | D:2      | HP: 1/23 [leopard gecko (2)]
  1135 | D:2      | Slain by a leopard gecko

Action                   || total
-------------------------++-------
Melee: Unarmed           ||    46
       Constrict         ||    15
       Tentacles         ||     5
       Punch             ||     3
       Kick              ||     3
 Cast: Beastly Appendage ||     1
 Stab: Sleeping          ||     3
  Eat: Chunk             ||     1
Armor: Skin              ||     1
Dodge: Dodged            ||    29
